 Dungeon Crawl Stone Soup version 0.28-a0-1080-g05a166d0ed (webtiles) character file.

Game seed: 15894620214906074239

15834 pokeman the Eclecticist (level 12, -2/64 HPs)
             Began as a Deep Elf Hedge Wizard on Dec 9, 2021.
             Was a Priest of Vehumet.
             Hit by a large rock thrown by a cyclops (43 damage)
             ... on level 12 of the Dungeon.
             The game lasted 00:42:23 (15426 turns).

pokeman the Eclecticist (Deep Elf Hedge Wizard)    Turns: 15426, Time: 00:42:24

Health: -2/64      AC: 11    Str:  7    XL:     12   Next: 4%
Magic:  31/34      EV: 12    Int: 31    God:    Vehumet [***...]
Gold:   678        SH:  0    Dex: 14    Spells: 26/43 levels left

rFire   . . .      SeeInvis .   h - staff of conjuration
rCold   . . .      Faith    .   (no shield)
rNeg    . . .      Spirit   .   e - +2 leather armour {rPois}
rPois   +          Reflect  .   g - +0 helmet
rElec   .          Harm     .   o - +1 cloak
rCorr   +          Rampage  .   t - +0 pair of gloves
Will    +....                   p - +0 pair of boots
Stlth   ++........              (no amulet)
HPRegen 0.20/turn               f - +6 ring of intelligence
MPRegen 0.24/turn               Q - ring of resist corrosion

@: no status effects
A: no striking features
a: Renounce Religion


You were on level 12 of the Dungeon.
You worshipped Vehumet.
Vehumet was most pleased with you.
You visited 2 branches of the dungeon, and saw 13 of its levels.

You collected 678 gold pieces.

Inventory:

Hand Weapons
 a - the +11 shortbow of the Volcano {vorpal, Will+}
   (You acquired it on level 11 of the Dungeon)

   Any ammunition fired from it inflicts extra damage upon your enemies.
   Will:      It increases your willpower.
 Y - the +3 battleaxe of the Asp {freeze, rPois Dex-3 SInv}
   (You found it on level 11 of the Dungeon)

   It freezes those it strikes, dealing additional cold damage.
   It can also slow down cold-blooded creatures.
   Dex:       It affects your dexterity (-3).
   rPois:     It protects you from poison.
   SInv:      It lets you see invisible.
Missiles
 i - 251 arrows
Armour
 e - a +2 leather armour of poison resistance (worn)
 g - a +0 helmet (worn)
 o - a +1 cloak (worn)
 p - a +0 pair of boots (worn)
 t - a +0 pair of gloves (worn)
 K - the +2 shield of Resistance {rF++ rC++ Will++}
   (You found it on level 8 of the Dungeon)

   rF:        It greatly protects you from fire.
   rC:        It greatly protects you from cold.
   Will:      It greatly increases your willpower.
 U - a +1 ring mail of fire resistance
Magical Staves
 h - a staff of conjuration (weapon)
 C - a staff of fire
Jewellery
 f - a +6 ring of intelligence (left hand)
 Q - a ring of resist corrosion (right hand)
 X - a ring of ice
Wands
 k - a wand of acid (28)
 y - a wand of mindburst (1)
 N - a wand of digging (4)
Scrolls
 b - a scroll of identify
 q - 9 scrolls of teleportation
 B - 3 scrolls of blinking
Potions
 c - 6 potions of curing
 d - 2 potions of might {unknown}
 j - a potion of brilliance {unknown}
 l - 5 potions of degeneration {unknown}
 m - a potion of cancellation {unknown}
 n - 3 potions of heal wounds
 v - a potion of ambrosia {unknown}
 x - a potion of flight {unknown}
 F - a potion of haste
Miscellaneous
 Z - a phial of floods


   Skills:
 + Level 3.1 Fighting
 - Level 4.0 Armour
 - Level 4.0 Dodging
 - Level 3.1 Stealth
 - Level 4.2 Shields
 * Level 16.4 Spellcasting
 + Level 9.8 Conjurations
 - Level 1.1 Summonings
 - Level 1.1 Translocations
 - Level 1.1 Transmutations
 + Level 8.8 Fire Magic
 - Level 1.1 Air Magic
 - Level 2.0 Earth Magic
 - Level 1.2 Poison Magic
 - Level 1.2 Evocations


You had 26 spell levels left.
You knew the following spells:

 Your Spells              Type           Power      Damage    Failure   Level
a - Magic Dart            Conj           100%       1d8       1%          1
b - Mephitic Cloud        Conj/Pois/Air  66%        N/A       1%          3
c - Call Imp              Summ           32%        N/A       2%          2
d - Blink                 Tloc           64%        N/A       2%          2
e - Conjure Flame         Conj/Fire      90%        6-21      1%          3
f - Shock                 Conj/Air       100%       1d9       1%          1
g - Stone Arrow           Conj/Erth      100%       3d13      1%          3
h - Wereblood             Tmut           32%        N/A       2%          2

Your spell library contained the following spells:

 Spells                   Type           Power      Damage    Failure   Level
 Hailstorm                Conj/Ice       71%        3d15      1%          4
 Beastly Appendage        Tmut           64%        N/A       1%          1
 Lightning Bolt           Conj/Air       36%        1d54      1%          5
 Slow                     Hex            100%       N/A       2%          1
 Corpse Rot               Necr/Air       58%        N/A       3%          2
 Spider Form              Tmut/Pois      32%        N/A       4%          3
 Swiftness                Air            32%        N/A       4%          3
 Airstrike                Air            16%        N/A       4%          4
 Ozocubu's Armour         Ice            25%        N/A       8%          3
 Summon Lightning Spire   Summ/Air       32%        N/A       16%         4
 Dispel Undead            Necr           25%        3d12      24%         4
 Death Channel            Necr           12%        N/A       98%         6
 Ozocubu's Refrigeration  Ice            12%        4d7       99%         7


Dungeon Overview and Level Annotations

Branches:
Dungeon (12/15)            Temple (1/1) D:6            Lair (0/6) D:11
    Orc (0/2) D:11

Altars:
Cheibriados
Elyvilon
Gozag
Kikubaaqudgha
Makhleb
Nemelex Xobeh
Okawaru
Sif Muna
Vehumet
Wu Jian
Xom
Yredelemnul
The Shining One

Shops:
D:3 [*(([   D:5 *   D:7 [=   D:9 *

Annotations:
D:8 1 runed translucent door, Twinkles's ghost, novice DjGl
D:9 3 runed translucent doors, exclusion: obsidian statue, Theruse2's ghost, novice DsAK


Message History

Confirm with . or Enter, or press ? or * to list all spells.
Aiming: Stone Arrow (safe; 1% risk of failure)
Press: ? - help, Shift-Dir - straight line You feel a surge of power!
The stone arrow hits something.
Casting: Stone Arrow (safe; 1% risk of failure)
Confirm with . or Enter, or press ? or * to list all spells.
Aiming: Stone Arrow (safe; 1% risk of failure)
Press: ? - help, Shift-Dir - straight line You feel a surge of power!
The stone arrow hits something!!
Casting: Stone Arrow (safe; 1% risk of failure)
Confirm with . or Enter, or press ? or * to list all spells.
Aiming: Stone Arrow (safe; 1% risk of failure)
Press: ? - help, Shift-Dir - straight line You feel a surge of power!
The stone arrow hits something!!
Vehumet accepts your kill.
You feel your power returning.
Reactivating autopickup.
You feel a bit more experienced.
Found a stone staircase leading down.
A cyclops comes into view.
The cyclops shouts!
The cyclops throws a large rock.
The large rock hits you!!
The cyclops throws a large rock.
The large rock closely misses you.
Casting: Stone Arrow (safe; 1% risk of failure)
Confirm with . or Enter, or press ? or * to list all spells.
Aiming: Mephitic Cloud (safe; 1% risk of failure)
Press: ? - help, Shift-Dir - straight line You feel a surge of power!
The ball explodes into a vile cloud!
The stinking cloud engulfs the cyclops but does no damage.
A troll comes into view.
Unknown command.
Unknown command.
Casting: Mephitic Cloud (safe; 1% risk of failure)
Confirm with . or Enter, or press ? or * to list all spells.
You can't see any susceptible monsters within range! (Use Z to cast anyway.)
Found a stone staircase leading up.
The cyclops is engulfed in noxious fumes.
The cyclops throws a large rock.
The large rock hits you!!!
Ouch! That really hurt!
You die...

#.# #.# ...#####.#
#.#####.### .........#
#.......... <........#
#.......### .........#
#.......# .........#
#.......# .T.......#
#.......#
...§☼§.>.#####.......###
...☼☼☼.@................
...C#####...............
. #...............
#...............
#.............(.
#..........>....
#...............
#............(..
#...............


You could see a cyclops and a troll (wandering).

Vanquished Creatures
  An ice dragon (D:11)
  A death knight (D:11)
  3 death yaks (D:11)
  Pikel (D:6)
  A cyclops (D:11)
  3 centaur zombies
  Maurice (D:9)
  4 molten gargoyles (D:10)
  A gargoyle (D:12)
  A rime drake (D:11)
  Maggie (D:9)
  A kobold demonologist (D:12)
  A troll (D:11)
  3 polar bears (D:11)
  A hornet (D:8)
  2 shadows
  Sigmund (D:4)
  A vampire (D:12)
  8 yaks
  A wraith (D:11)
  A basilisk (D:12)
  3 vampire mosquitoes (D:12)
  Menkaure (D:4)
  2 steam dragons
  2 water moccasins
  An acid dragon (D:10)
  Duvessa (D:5)
  2 orc warriors
  3 sky beasts
  2 ice beasts (D:11)
  3 necrophages
  A lemure (D:6)
  A phantom (D:5)
  6 centaurs
  2 kobold brigands (D:12)
  Blork the orc (D:6)
  4 bullfrogs
  A water moccasin zombie (D:6)
  A gnoll sergeant (D:9)
  2 scorpions
  A wyvern skeleton (D:7)
  Dowan (D:5)
  A water moccasin skeleton (D:5)
  10 wights
  15 killer bees
  2 howler monkeys (D:9)
  2 orc priests (D:6)
  Crazy Yiuf (D:6)
  2 centaur skeletons
  2 gnoll shamans
  3 hounds
  2 jellies
  Jessica (D:2)
  Ijyb (D:4)
  2 iguanas
  6 orc wizards
  A hell rat (D:11)
  A howler monkey skeleton (D:7)
  11 gnolls
  2 river rats (D:11)
  2 adders
  A shadow imp (D:7)
  A worm (D:3)
  3 dart slugs
  22 orcs
  6 ball pythons
  A bat (D:2)
  6 endoplasms
  2 giant cockroaches
  11 goblins
  8 hobgoblins
  4 quokkas
  2 frilled lizards (D:2)
  6 kobolds
  7 rats
226 creatures vanquished.

Vanquished Creatures (collateral kills)
  The ghost of ThanksArdit the Chopper, an amateur MiGl (D:5)
1 creature vanquished.

Vanquished Creatures (others)
  A lava snake (D:10)
  26 fungi (D:7)
27 creatures vanquished.

Grand Total: 254 creatures vanquished

Notes
Turn   | Place    | Note
-------+----------+-------------------------------------------
     0 | D:1      | pokeman the Deep Elf Hedge Wizard began the quest for the
                  | Orb.
     0 | D:1      | Reached XP level 1. HP: 10/10 MP: 7/7
   735 | D:1      | Reached XP level 2. HP: 13/15 MP: 3/9
   957 | D:1      | Found a faded altar of an unknown god.
  1400 | D:2      | Found a burning altar of Makhleb.
  1446 | D:2      | Reached skill level 5 in Spellcasting
  1545 | D:2      | Reached XP level 3. HP: 20/20 MP: 7/11
  1549 | D:2      | Learned a level 3 spell: Mephitic Cloud
  1552 | D:2      | Learned a level 2 spell: Call Imp
  1555 | D:2      | Learned a level 2 spell: Blink
  1559 | D:2      | Learned a level 3 spell: Conjure Flame
  1561 | D:2      | Learned a level 1 spell: Shock
  1766 | D:2      | Noticed Jessica
  1773 | D:2      | Killed Jessica
  1774 | D:2      | Reached skill level 1 in Fighting
  1774 | D:2      | Reached skill level 1 in Armour
  1918 | D:3      | Found Seqo's Weapon Emporium.
  2046 | D:3      | Reached XP level 4. HP: 21/25 MP: 3/13
  2528 | D:3      | Found Ydwauwin's Weapon Shoppe.
  2635 | D:3      | Found Papu Deaj's Antique Armour Emporium.
  2657 | D:3      | Found Joafoil's Assorted Antiques.
  2768 | D:3      | Found Ynovver's Antique Armour Emporium.
  3128 | D:4      | Reached skill level 6 in Spellcasting
  3128 | D:4      | Reached skill level 1 in Fire Magic
  3128 | D:4      | Reached XP level 5. HP: 29/29 MP: 9/15
  3210 | D:4      | Noticed Menkaure
  3219 | D:4      | Killed Menkaure
  3220 | D:4      | Reached skill level 1 in Air Magic
  3220 | D:4      | Reached XP level 6. HP: 28/34 MP: 7/17
  3386 | D:4      | Noticed Sigmund
  3397 | D:4      | Killed Sigmund
  3398 | D:4      | Reached skill level 7 in Spellcasting
  3398 | D:4      | Reached skill level 1 in Poison Magic
  3803 | D:4      | Noticed Ijyb
  3820 | D:4      | Killed Ijyb
  4268 | D:5      | Entered Level 5 of the Dungeon
  4310 | D:5      | Learned a level 2 spell: Wereblood
  4328 | D:5      | Noticed a sky beast
  4343 | D:5      | Killed a sky beast
  4344 | D:5      | Reached skill level 1 in Evocations
  4344 | D:5      | Reached XP level 7. HP: 38/38 MP: 17/20
  4410 | D:5      | Reached skill level 8 in Spellcasting
  4410 | D:5      | Reached skill level 1 in Transmutations
  4476 | D:5      | Found Dawyasas's Mayhem Merchandise.
  4484 | D:5      | Noticed Duvessa
  4486 | D:5      | Noticed Dowan
  4504 | D:5      | Killed Duvessa
  4517 | D:5      | Killed Dowan
  4819 | D:5      | Found a large runed translucent door.
  4819 | D:5      | Found a large runed translucent door.
  4820 | D:5      | Noticed ThanksArdit's ghost (amateur MiGl)
  5083 | D:5      | Reached XP level 8. HP: 44/44 MP: 9/22
  5167 | D:5      | Reached skill level 9 in Spellcasting
  5393 | D:5      | Killed ThanksArdit's ghost
  5394 | D:5      | Reached skill level 5 in Conjurations
  5619 | D:6      | Noticed Blork the orc
  5627 | D:6      | Killed Blork the orc
  5719 | D:6      | Noticed Pikel
  6006 | D:6      | Killed Pikel
  6007 | D:6      | Reached skill level 10 in Spellcasting
  6134 | D:6      | Reached XP level 9. HP: 48/48 MP: 21/25
  6238 | D:6      | Found a staircase to the Ecumenical Temple.
  6249 | Temple   | Entered the Ecumenical Temple
  6331 | Temple   | Became a worshipper of Vehumet
  6605 | D:6      | Found a runed translucent door.
  6606 | D:6      | Noticed Crazy Yiuf
  6766 | D:6      | Killed Crazy Yiuf
  6879 | D:7      | Reached skill level 11 in Spellcasting
  7023 | D:7      | Found an ornate altar of the Wu Jian Council.
  7173 | D:7      | Found an ancient bone altar of Kikubaaqudgha.
  7265 | D:7      | Found Zoset's Jewellery Shoppe.
  7544 | D:7      | Found Bobalisu's Armour Emporium.
  7725 | D:8      | Found the +2 shield of Resistance {rF++ rC++ Will++}
  7727 | D:8      | Paralysed by a hornet for 3 turns
  7766 | D:8      | Reached skill level 5 in Fire Magic
  8093 | D:8      | Reached skill level 12 in Spellcasting
  8343 | D:8      | Reached skill level 1 in Shields
  8352 | D:8      | Reached * piety under Vehumet
  8352 | D:8      | Offered knowledge of Sandblast by Vehumet.
  8585 | D:8      | Reached XP level 10. HP: 54/56 MP: 22/28
  8727 | D:8      | Found a runed translucent door.
  8732 | D:8      | Noticed Twinkles's ghost (novice DjGl)
  9278 | D:9      | Noticed Maurice
  9292 | D:9      | Killed Maurice
  9293 | D:9      | Reached skill level 13 in Spellcasting
  9840 | D:9      | Offered knowledge of Scorch by Vehumet.
  9842 | D:9      | Reached ** piety under Vehumet
  9944 | D:9      | Noticed Maggie
  9970 | D:9      | Killed Maggie
 10048 | D:9      | Found a runed translucent gate.
 10049 | D:9      | Found a runed translucent gate.
 10049 | D:9      | Found a runed translucent gate.
 10049 | D:9      | Found an opulent altar of Gozag.
 10050 | D:9      | Noticed an obsidian statue
 10051 | D:9      | Found Decuoneb's Assorted Antiques.
 10054 | D:9      | Noticed Theruse2's ghost (novice DsAK)
 10164 | D:9      | Found a shimmering altar of Xom.
 10481 | D:10     | Entered Level 10 of the Dungeon
 10506 | D:10     | Noticed a molten gargoyle
 10507 | D:10     | Noticed a molten gargoyle
 10507 | D:10     | Noticed a molten gargoyle
 10794 | D:10     | Reached skill level 14 in Spellcasting
 11171 | D:10     | Found a burning altar of Makhleb.
 11722 | D:10     | Killed a molten gargoyle
 11995 | D:10     | Killed a molten gargoyle
 11996 | D:10     | Reached XP level 11. HP: 46/60 MP: 31/31
 12382 | D:11     | Offered knowledge of Stone Arrow by Vehumet.
 12389 | D:11     | Learned a level 3 spell: Stone Arrow
 12568 | D:11     | Noticed a death yak
 12569 | D:11     | Noticed a death yak
 12582 | D:11     | Noticed a death yak
 12583 | D:11     | Killed a death yak
 12584 | D:11     | Reached skill level 15 in Spellcasting
 12586 | D:11     | Killed a death yak
 12587 | D:11     | Reached skill level 1 in Earth Magic
 12589 | D:11     | Killed a death yak
 12783 | D:11     | Reached *** piety under Vehumet
 12887 | D:11     | Found a staircase to the Lair.
 12910 | D:11     | Noticed a death knight
 12921 | D:11     | Noticed an ice dragon
 12932 | D:11     | Killed an ice dragon
 12933 | D:11     | Killed a death knight
 13226 | D:11     | Reached skill level 16 in Spellcasting
 13746 | D:11     | Found a staircase to the Orcish Mines.
 13852 | D:11     | Got the +3 battleaxe of the Asp {freeze, rPois Dex-3 SInv}
 14389 | D:11     | Identified a scroll of acquirement
 14394 | D:11     | Acquired the +11 shortbow of the Volcano {vorpal, Will+}
 14693 | D:12     | Upgraded the game from 0.28-a0-1038-g9c4cb8273d to
                  | 0.28-a0-1080-g05a166d0ed
 14792 | D:12     | Offered knowledge of Hailstorm by Vehumet.
 14932 | D:12     | Reached XP level 12. HP: 43/64 MP: 30/34
 15426 | D:12     | Hit by a large rock thrown by a cyclops

Illustrated notes

Levels and vault maps discovered:
D:1:      dpeg_arrival_houses_and_road, layout_basic,
          chequers_ecumenical_altar_grove, chequers_serial_rivers_room_b,
          minmay_misc_feat_iff
D:2:      layout_basic, serial_glass, glass_columns_b, glass_columns_c,
          basic_altar, uniq_jessica
D:3:      layout_basic, serial_shops, shop, shop, nicolae_shop_stone,
          shop_statue, nicolae_shop_stone, hangedman_decor_growths,
          kennysheep_generic_room_4
D:4:      layout_basic, uniq_sigmund, uniq_ijyb, uniq_menkaure
D:5:      layout_basic, ebering_ghost_disaster_area, hex_large,
          minmay_shop_mayhem, uniq_duvessa
D:6:      layout_rooms, minmay_temple_entry_arrows, uniq_crazy_yiuf_cottage,
          uniq_pikel, uniq_blork_the_orc
D:7:      layout_basic, mainiacjoe_overflow_catch_the_wave, serial_shops,
          nicolae_shop_trees, nicolae_shop_window_shopping
D:8:      layout_loops_corners, ebering_ghost_reflecting_pool
D:9:      layout_cave_pools, tgw_xom, ebering_ghost_gozag, uniq_maggie,
          uniq_maurice
D:10:     layout_gridville, bloody_makhleb, minivault_8
D:11:     minmay_coctagon, layout_layer_cave, dpeg_lair_monsters
D:12:     gargoyle_guard, layout_small_grid
Temple:   dpeg_five_rooms_temple

Skill      XL: |  1  2  3  4  5  6  7  8  9 10 11 12 |
---------------+-------------------------------------+-----
Spellcasting   | 5 6 7 8 10 12 14 16 | 16.4
Fighting       | 1 2 3 |  3.1
Armour         | 1 2 3 4 |  4.0
Conjurations   | 2 3 4 5 7 8 9 |  9.8
Fire Magic     | 1 2 4 5 7 8 |  8.8
Dodging        | 3 4 |  4.0
Air Magic      | 1 |  1.1
Poison Magic   | 1 |  1.2
Evocations     | 1 |  1.2
Transmutations | 1 |  1.1
Stealth        | 3 |  3.1
Shields        | 1 3 4 |  4.2
Earth Magic    | 2 |  2.0
Summonings     | |  1.1
Translocations | |  1.1

Action                   |  1- 3 |  4- 6 |  7- 9 | 10-12 || total
-------------------------+-------+-------+-------+-------++-------
Melee: Staff             |    13 |     2 |    23 |    45 ||    83
 Cast: Magic Dart        |    55 |     3 |     9 |    20 ||    87
       Shock             |    28 |    71 |   177 |   233 ||   509
       Conjure Flame     |       |     4 |    19 |    21 ||    44
       Mephitic Cloud    |       |     1 |    12 |    23 ||    36
       Wereblood         |       |       |     4 |     7 ||    11
       Call Imp          |       |       |     4 |       ||     4
       Blink             |       |       |     3 |       ||     3
       Stone Arrow       |       |       |       |    60 ||    60
Evoke: Wand              |       |       |       |    14 ||    14
  Use: Scroll            |       |       |       |    13 ||    13
 Stab: Confused          |       |       |       |     2 ||     2
Armor: Robe              |     7 |     2 |       |       ||     9
       Leather armour    |       |     1 |    40 |    70 ||   111
Dodge: Dodged            |    15 |     5 |    50 |   102 ||   172

Table legend: (Time is in decaauts)
 A = Elapsed time spent in this place.
 B = Non-inter-level travel time spent in this place.
 C = Inter-level travel time spent in this place.
 D = Time resting spent in this place.
 E = Time spent auto-exploring this place.
 F = Levels seen in this place.
 G = Mean time per level.
                   A        B        C        D        E       F      G
               +--------+--------+--------+--------+--------+-----+--------+
         Total |  15450 |  14847 |    603 |    880 |  11886 |  13 | 1188.5 |
       Dungeon |  15260 |  14712 |    548 |    880 |  11815 |  12 | 1271.7 |
        Temple |    190 |    136 |     54 |      0 |     71 |   1 |  190.0 |
               +--------+--------+--------+--------+--------+-----+--------+

Top non-repeatable levels by time:
    D:11: 2095 daAuts
    D:10: 1704 daAuts
     D:8: 1550 daAuts
     D:5: 1486 daAuts
     D:9: 1469 daAuts
     D:3: 1189 daAuts
     D:4: 1159 daAuts
     D:1: 1100 daAuts
     D:6: 1002 daAuts
     D:7: 879 daAuts
     D:2: 821 daAuts
    D:12: 801 daAuts
  Temple: 190 daAuts
